Map: [ESL] Cosmic Sapphire

Players

Lambo

  • Race: Zerg Zerg
  • Spawn Location: 11:00

ShoWTimE - Winner!

  • Race: Protoss Protoss
  • Spawn Location: 5:00

Event: HomeStory Cup XXII

VOD

Have the link to the VOD?

Description

Time

  • Played on: Dec. 15, 2022, 9:12 a.m.
  • Length: 16:15

All games in this series

Show
View Real Time Build Order
Export as new Build Order

Lambo Zerg 

Build Orders: Hatch First 

Get SALT Encoding   

  12  0:00  Drone  
  13  0:12  Overlord  
  13  0:17  Drone  
  14  0:30  Drone x2  
  16  0:43  Drone  
  17  0:52  Hatchery  
  17  0:54  Drone  
  17  0:58  Drone  
  18  1:08  Extractor  
  17  1:13  Spawning Pool  
  17  1:17  Drone  
  17  1:20  Drone  
  18  1:28  Drone  
  19  1:39  Drone  
  20  1:51  Overlord  
  20  1:59  Queen  
  22  2:03  Queen  
  22  2:04  Zergling x2, Drone  
  26  2:08  Metabolic Boost  
  26  2:11  Zergling x2  
  26  2:14  Drone  
  28  2:21  Drone  
  29  2:25  Drone  
  30  2:33  Drone  
  31  2:37  Hatchery  
  31  2:44  Queen  
  30  2:49  Overlord  
  32  2:52  Drone  
  32  2:54  Drone  
  32  2:55  Zergling x2  
  35  3:02  Zergling x2  
  36  3:06  Queen  
  36  3:08  Zergling x2  
  36  3:10  Overlord  
  39  3:14  Drone x2  
  39  3:17  Drone  
  40  3:28  Queen, Drone x2  
  44  3:34  Drone  
  44  3:37  Drone x2, Overlord  
  46  3:48  Drone x4  
  46  3:51  Queen  
  46  3:52  Drone  
  46  3:54  Drone  
  53  3:58  Spore Crawler, Zergling x2  
  53  4:02  Zergling x2  
  53  4:05  Zergling x2  
  53  4:07  Zergling x2  
  55  4:11  Spore Crawler  
  55  4:12  Zergling x2  
  55  4:15  Drone  
  56  4:18  Drone  
  56  4:23  Drone x4  
  61  4:30  Overlord  
  61  4:31  Drone  
  61  4:33  Drone  
  63  4:41  Drone x3  
  66  4:49  Drone x6  
  72  4:55  Roach Warren  
  72  4:58  Overlord  
  72  4:59  Drone x3  
  74  5:00  Hatchery  
  74  5:01  Drone  
  74  5:07  Drone x3  
  73  5:08  Lair  
  73  5:11  Extractor  
  73  5:15  Evolution Chamber  
  73  5:16  Extractor, Overlord  
  73  5:17  Drone x2, Extractor  
  73  5:18  Queen, Drone  
  73  5:21  Zergling x6  
  77  5:25  Zergling x2  
  77  5:26  Drone x2  
  80  5:29  Zergling x2  
  80  5:30  Overlord  
  77  5:37  Drone x4  
  77  5:38  Drone x2  
  79  5:46  Zerg Missile Weapons Level 1  
  78  5:52  Drone x9  
  85  5:58  Drone  
  85  6:01  Extractor  
  85  6:02  Extractor  
  84  6:04  Drone x2  
  84  6:08  Glial Reconstitution, Drone, Baneling Nest  
  86  6:13  Drone x2  
  86  6:16  Drone x3  
  91  6:21  Drone x2  
  91  6:22  Spore Crawler  
  91  6:25  Drone  
  93  6:29  Overlord  
  93  6:30  Drone  
  93  6:31  Drone x2, Overlord  
  96  6:34  Overlord  
  96  6:35  Overlord  
  96  6:39  Overlord  
  96  6:43  Overlord  
  96  6:44  Spore Crawler, Overlord  
  95  6:47  Drone x2, Overlord  
  95  6:48  Drone  
  95  6:51  Drone, Spire  
  95  6:54  Roach x2  
  101  6:57  Centrifugal Hooks  
  101  6:58  Drone x2  
  101  6:59  Drone  
  104  7:06  Drone x2  
  104  7:08  Roach x4  
  114  7:12  Roach x3  
  114  7:14  Overlord  
  122  7:15  Roach  
  122  7:18  Roach x2  
  122  7:22  Roach x2  
  130  7:24  Zergling x4  
  130  7:27  Ravager x6  
  130  7:29  Zergling x12  
  144  7:34  Zergling x8  
  148  7:37  Zergling x4  
  148  7:41  Zerg Melee Weapons Level 1  
  148  7:43  Zergling x14  
  157  7:46  Zergling x12  
  163  7:52  Roach  
  163  7:58  Roach x2, Overlord  
  167  8:04  Overlord  
  167  8:05  Overlord  
  167  8:06  Overlord  
  167  8:10  Overlord x2  
  167  8:11  Overlord  
  167  8:13  Overlord  
  167  8:15  Overlord  
  167  8:17  Zergling x12  
  175  8:20  Baneling x19  
  175  8:24  Zergling x8  
  179  8:27  Baneling x8  
  179  8:28  Zergling x4  
  179  8:34  Spine Crawler  
  178  8:35  Baneling x13, Spine Crawler  
  178  8:36  Zergling x2  
  178  8:39  Zergling x6  
  178  8:40  Baneling  
  181  8:41  Baneling x4  
  181  8:42  Zergling x2  
  181  8:47  Zergling x12  
  186  8:49  Zergling x2  
  186  8:50  Zergling x2  
  186  8:51  Baneling x4  
  186  8:55  Overlord  
  188  9:01  Overlord  
  182  9:06  Zergling x14  
  161  9:10  Zergling x20  
  161  9:15  Roach  
  161  9:16  Roach x3  
  149  9:17  Roach  
  149  9:21  Roach  
  143  9:24  Roach  
  143  9:28  Roach x2  
  145  9:33  Roach  
  145  9:34  Roach  
  145  9:36  Roach x4  
  146  9:39  Roach x3  
  146  9:40  Roach x3  
  146  9:44  Roach x2  
  156  9:46  Roach  
  156  9:47  Baneling x9  
  156  9:49  Zergling x2  
  159  9:56  Zergling x6  
  147  10:06  Roach  
  137  10:08  Roach x8  
  137  10:10  Roach  
  137  10:11  Roach x2  
  154  10:14  Zergling x4  
  154  10:19  Ravager x4  
  154  10:20  Zergling x2, Queen x2  
  165  10:22  Zergling x2  
  165  10:23  Zergling x2  
  165  10:24  Baneling x4  
  165  10:25  Zergling x2, Baneling x4  
  168  10:30  Roach  
  168  10:33  Roach x4  
  168  10:34  Roach x2  
  173  10:37  Roach  
  173  10:38  Roach  
  173  10:41  Roach x2  
  165  10:47  Roach x3  
  165  10:49  Roach x3  
  166  10:54  Roach  
  155  10:57  Roach x2  
  155  10:59  Queen x2, Roach  
  155  11:04  Roach  
  149  11:05  Zergling x6  
  149  11:07  Zergling x4  
  146  11:12  Roach  
  146  11:16  Roach x2  
  146  11:18  Overseer  
  150  11:19  Zergling x2  
  150  11:22  Zergling x2  
  150  11:23  Ravager  
  150  11:25  Zergling x2, Ravager  
  155  11:27  Queen  
  155  11:29  Zergling x4  
  155  11:30  Baneling x10  
  159  11:33  Zergling x2, Hatchery  
  159  11:37  Zergling x2  
  160  11:41  Zergling x4  
  160  11:43  Zergling x2  
  152  11:49  Roach x2  
  152  11:53  Roach x4  
  164  11:59  Roach x5  
  131  12:16  Roach x6  
  131  12:20  Zergling x2  
  131  12:21  Zergling x2  
  147  12:23  Roach  
  147  12:24  Queen x2  
  147  12:26  Zerg Missile Weapons Level 2  
  147  12:27  Roach, Hatchery  
  150  12:30  Queen  
  150  12:34  Zergling x6  
  150  12:36  Roach  
  149  12:45  Roach  
  149  12:46  Zergling x2, Roach x9  
  149  12:47  Zergling x2  
  171  12:52  Zergling x4  
  171  12:55  Zergling x4  
  176  12:58  Zergling x4  
  176  13:02  Zergling x2  
  176  13:04  Baneling x8  
  176  13:05  Zergling x2  
  177  13:07  Zergling x6  
  177  13:11  Zergling x18  
  187  13:13  Baneling x7  
  187  13:19  Zergling x10  
  192  13:23  Baneling x10  
  192  13:25  Zergling x2  
  192  13:26  Ravager  
  194  13:28  Zergling x6  
  194  13:31  Baneling x9  
  197  13:35  Spine Crawler  
  197  13:36  Ravager  
  197  13:37  Zergling x6  
  200  13:42  Overlord  
  200  13:47  Pneumatized Carapace  
  199  14:00  Zergling x2  
  199  14:03  Overlord  
  199  14:06  Zergling x2  
  199  14:08  Baneling x14  
  199  14:10  Hatchery  
  199  14:12  Zergling x6  
  199  14:13  Overseer  
  200  14:20  Infestation Pit  
  200  14:23  Hatchery  
  198  14:29  Zergling x8  
  199  14:38  Roach x7  
  199  14:42  Roach x7  
  185  14:47  Roach x9  
  185  14:50  Zergling x2, Roach  
  185  14:51  Zergling x2, Roach x2  
  187  14:55  Roach x2  
  187  14:58  Roach  
  173  15:01  Roach x2  
  173  15:06  Zergling x8  
  171  15:15  Zergling x12  
  171  15:20  Ravager x6  
  179  15:24  Drone x3  
  179  15:26  Drone  
  179  15:27  Ravager  
  179  15:28  Ravager  
  185  15:32  Drone x3  
  185  15:33  Drone  
  189  15:38  Zergling x6  
  191  15:44  Zergling x8  
  191  15:48  Overseer  
  191  15:49  Zergling x6  
Show
View Real Time Build Order
Export as new Build Order

ShoWTimE Protoss - Winner!

Build Orders: 1 Gate Expand, Oracle Opening 

Get SALT Encoding   

  12  0:00  Probe  
  13  0:12  Probe  
  14  0:19  Pylon  
  14  0:24  Probe (Chrono Boost)  
  15  0:37  Probe (Chrono Boost)  
  15  0:40  Gateway  
  16  0:45  Probe (Chrono Boost)  
  16  0:49  Assimilator  
  17  0:51  Probe  
  18  1:04  Probe  
  19  1:16  Probe  
  20  1:26  Nexus  
  20  1:36  Cybernetics Core  
  20  1:38  Probe  
  21  1:43  Assimilator  
  21  1:50  Probe  
  21  1:52  Pylon  
  22  2:02  Probe  
  23  2:09  Adept (Chrono Boost)  
  23  2:14  Probe  
  26  2:22  Stargate  
  26  2:27  Probe (Chrono Boost)  
  27  2:30  Adept (Chrono Boost)  
  27  2:36  Warp Gate  
  29  2:38  Probe (Chrono Boost)  
  31  2:44  Probe (Chrono Boost)  
  31  2:47  Probe (Chrono Boost)  
  33  2:51  Probe (Chrono Boost)  
  33  2:52  Adept, Probe (Chrono Boost)  
  36  2:59  Pylon  
  36  3:03  Probe  
  36  3:04  Probe  
  38  3:07  Oracle (Chrono Boost)  
  41  3:15  Probe  
  41  3:16  Probe  
  43  3:22  Adept  
  45  3:27  Probe  
  45  3:28  Probe  
  47  3:39  Oracle (Chrono Boost), Probe  
  47  3:40  Probe  
  50  3:50  Nexus  
  50  3:51  Probe  
  50  3:52  Probe  
  50  3:57  Pylon  
  50  4:03  Gateway, Probe  
  50  4:07  Probe, Assimilator  
  52  4:12  Assimilator  
  52  4:13  Oracle (Chrono Boost)  
  52  4:16  Pylon  
  55  4:17  Probe  
  55  4:19  Probe  
  57  4:24  Adept  
  57  4:29  Probe  
  61  4:31  Probe  
  61  4:32  Forge  
  61  4:36  Robotics Facility  
  61  4:41  Probe  
  61  4:43  Probe  
  61  4:45  Gateway  
  63  4:50  Adept  
  65  4:53  Probe  
  65  4:55  Probe (Chrono Boost)  
  65  4:57  Adept  
  65  4:58  Pylon  
  69  5:05  Probe (Chrono Boost)  
  71  5:07  Probe (Chrono Boost)  
  71  5:08  Protoss Ground Weapons Level 1 (Chrono Boost)  
  71  5:10  Shield Battery, Probe (Chrono Boost)  
  71  5:12  Sentry  
  74  5:16  Probe x2 (Chrono Boost)  
  74  5:19  Probe (Chrono Boost), Pylon  
  74  5:20  Probe (Chrono Boost)  
  77  5:21  Probe  
  77  5:22  Sentry  
  77  5:25  Observer (Chrono Boost)  
  82  5:29  Probe  
  82  5:32  Probe  
  82  5:34  Probe  
  85  5:42  Probe  
  80  5:43  Immortal (Chrono Boost)  
  80  5:44  Probe  
  80  5:45  Robotics Bay  
  80  5:46  Probe, Assimilator  
  84  5:50  Assimilator  
  84  5:54  Probe  
  84  5:56  Probe  
  86  5:58  Probe, Photon Cannon  
  86  5:59  Phoenix  
  86  6:02  Pylon  
  87  6:04  Twilight Council  
  87  6:06  Probe  
  87  6:07  Stalker  
  87  6:08  Stalker  
  92  6:12  Warp Prism (Chrono Boost)  
  92  6:13  Stalker  
  92  6:16  Pylon  
  96  6:20  Gateway  
  96  6:33  Stalker x2, Pylon  
  96  6:37  Disruptor (Chrono Boost)  
  96  6:39  Stalker  
  105  6:42  Charge  
  105  6:45  Probe  
  105  6:46  Probe, Pylon  
  107  6:48  Nexus  
  107  6:50  Pylon  
  107  6:52  Photon Cannon  
  107  7:00  Probe x3  
  110  7:03  Disruptor (Chrono Boost)  
  110  7:05  Dark Shrine  
  113  7:10  Gateway  
  113  7:11  Gateway  
  113  7:12  Photon Cannon  
  113  7:14  Shield Battery, Probe  
  114  7:16  Probe x2  
  114  7:19  Protoss Ground Weapons Level 2 (Chrono Boost)  
  114  7:22  Zealot x2  
  120  7:29  Zealot x2  
  124  7:33  Probe x3  
  126  7:38  Disruptor  
  129  7:45  Probe x3, Assimilator  
  129  7:47  Shield Battery  
  129  7:49  Assimilator  
  132  7:57  Probe x3  
  135  7:59  Photon Cannon  
  135  8:01  Photon Cannon  
  135  8:16  Disruptor  
  135  8:17  Pylon  
  135  8:19  Pylon  
  138  8:20  Dark Templar x3, Pylon  
  138  8:21  Dark Templar x3  
  138  8:25  Archon  
  138  8:26  Archon x2, Gateway  
  150  8:27  Gateway  
  150  8:41  Photon Cannon, Gateway  
  150  8:44  Gateway  
  150  8:53  Dark Templar x6  
  160  8:59  Archon x3, Immortal (Chrono Boost)  
  122  9:23  Probe  
  122  9:24  Probe x3  
  122  9:28  Disruptor (Chrono Boost)  
  122  9:30  Zealot x4, Gateway  
  134  9:32  Gateway  
  134  9:36  Zealot x4  
  114  9:48  Dark Templar x2  
  114  9:49  Probe x2  
  114  9:51  Dark Templar x4  
  114  9:52  Disruptor (Chrono Boost)  
  128  9:54  Probe  
  128  9:57  Probe  
  128  9:58  Archon  
  128  10:01  Probe x2  
  128  10:06  Probe  
  122  10:09  Probe  
  122  10:13  Probe  
  111  10:14  Dark Templar x4  
  111  10:17  Archon x2  
  111  10:18  Archon  
  111  10:19  Archon  
  111  10:20  Immortal (Chrono Boost), Photon Cannon  
  123  10:30  Zealot x6  
  123  10:32  Zealot x2  
  113  10:52  Disruptor (Chrono Boost)  
  113  10:54  Zealot x6  
  113  10:55  Zealot x3  
  114  11:10  Dark Templar x3  
  118  11:14  Dark Templar x2  
  116  11:19  Archon  
  116  11:24  Disruptor (Chrono Boost)  
  119  11:26  Probe x4  
  119  11:29  Shield Battery  
  119  11:30  Dark Templar x4, Archon  
  131  11:33  Archon x2  
  131  11:37  Nexus  
  131  11:38  Stalker x3  
  137  11:46  Zealot x4  
  138  11:49  Zealot  
  138  11:53  Disruptor (Chrono Boost)  
  143  12:00  Protoss Ground Weapons Level 3 (Chrono Boost)  
  121  12:05  Zealot x7  
  135  12:11  Probe  
  135  12:12  Probe, Blink (Chrono Boost)  
  137  12:17  Pylon  
  137  12:21  Stalker x3  
  143  12:29  Dark Templar x4  
  149  12:31  Probe  
  149  12:34  Archon x2  
  150  12:41  Dark Templar x2  
  150  12:43  Probe x3  
  157  12:45  Archon, Immortal (Chrono Boost)  
  161  12:53  Photon Cannon  
  161  12:57  Shield Battery, Probe  
  161  12:58  Probe, Photon Cannon  
  159  13:09  Dark Templar x4  
  163  13:13  Archon x2  
  163  13:17  Assimilator  
  163  13:19  Immortal (Chrono Boost)  
  163  13:23  Assimilator  
  167  13:28  Zealot x6, Dark Templar x2  
  183  13:43  Dark Templar x3  
  189  13:51  Archon, Dark Templar  
  183  13:56  Dark Templar  
  183  13:57  Zealot x5  
  183  14:01  Archon  
  189  14:05  Zealot x2  
  191  14:17  Zealot x4  
  197  14:40  Zealot x6  
  197  14:41  Zealot x5  
  197  14:43  Immortal (Chrono Boost)  
  160  15:00  Stalker x6  
  160  15:01  Stalker x6  
  183  15:11  Disruptor (Chrono Boost)  
  165  15:15  Nexus  
  156  15:25  Zealot x8, Robotics Facility  
  172  15:31  Pylon  
  172  15:36  Dark Templar x3  
  172  15:37  Dark Templar  
  172  15:39  Disruptor (Chrono Boost)  
  179  15:50  Stalker x4  
  183  15:58  Archon  
  183  16:01  Stalker x4  
  175  16:11  Dark Templar x3  
Tags
 
Add a new tag
Caveats
  • Supply blocks, unpowered buildings, or Contaminate may cause inaccurate times.
  • Supply counts are checked every 10 seconds.